 Dungeon Crawl Stone Soup version 0.30.1-11-g7821555f0a (webtiles) character file.

Game seed: 15707240322821295127

403 Okkudo the Chopper (level 6, -10/53 HPs)
             Began as a Hill Orc Fighter on Nov 27, 2023.
             Mangled by a gnoll
             ... wielding a +0 halberd
              (14 damage)
             ... on level 5 of the Dungeon.
             The game lasted 00:26:07 (3092 turns).

Okkudo the Chopper (Hill Orc Fighter)               Turns: 3092, Time: 00:26:07

Health: -10/53     AC:  7    Str: 19 (21) XL:     6   Next: 86%
Magic:  6/6        EV:  9    Int:  5 (8)  God:
Gold:   46         SH:  0    Dex:  8 (10) Spells: 5/5 levels left

rFire   + . .        A - +2 battleaxe (venom)
rCold   x . .        (shield currently unavailable)
rNeg    . . .        b - +0 scale mail
rPois   .            (no helmet)
rElec   .            (no cloak)
rCorr   .            (no gloves)
SInv    .            (no boots)
Will    .....        (no amulet) Stlth
                     f - ring of fire
HPRegen 0.28/turn    (no ring)
MPRegen 0.10/turn

%: no passive effects
@: no status effects
A: no striking features
a: no special abilities


You were on level 5 of the Dungeon.
You visited 1 branch of the dungeon, and saw 5 of its levels.

You collected 263 gold pieces.
You spent 217 gold pieces at shops.

Inventory:

Hand Weapons
 q - the +8 longbow "Zephyr" {speed, Dex+3 SInv}
   (You found it on level 3 of the Dungeon)

   Dex:       It affects your dexterity (+3).
   SInv:      It lets you see invisible.
 A - a +2 battleaxe of venom (weapon)
Armour
 b - a +0 scale mail (worn)
 c - a +0 buckler
 m - a +0 chain mail
Jewellery
 f - a ring of fire (left hand)
Wands
 h - a wand of flame (29)
Scrolls
 g - a scroll of enchant weapon {unknown}
 i - a scroll of identify
 j - 2 scrolls of magic mapping
 l - a scroll of butterflies {unknown}
 n - a scroll of brand weapon {unknown}
 o - 2 scrolls of fear {unknown}
 s - a scroll of teleportation {unknown}
 t - a scroll of enchant armour {unknown}
 u - a scroll of blinking {unknown}
 x - 2 scrolls of immolation {unknown}
 y - a scroll of vulnerability {unknown}
Potions
 d - 2 potions of might
 e - a potion of mutation {unknown}
 p - a potion of lignification {unknown}
 r - a potion of flight {unknown}
 v - a potion of attraction
 w - a potion of cancellation {unknown}
 z - a potion of invisibility {unknown}


   Skills:
 + Level 4.7 Fighting
 + Level 4.7 Axes
 + Level 3.1 Ranged Weapons
 + Level 4.5 Armour
 + Level 1.0 Dodging
 + Level 0.1 Stealth
 + Level 4.1 Shields


You had 5 spell levels left.
You didn't know any spells.
Your spell library contained the following spells:

 Spells                   Type           Power      Damage    Failure   Level
 Sting                    Tmut/Pois      0%         1d3       83%         1
 Poisonous Vapours        Pois/Air       0%         N/A       92%         2
 Olgreb's Toxic Radiance  Pois           0%         N/A       100%        4


Dungeon Overview and Level Annotations

Branches:
Dungeon (5/15)
 Temple: D:4-7

Altars:
Dithmenos
Makhleb

Shops:
D:3 (


Message History

The gnoll hits you from afar with a +0 halberd!
The gnoll closely misses you.
You closely miss the ufetubus. You hit the gnoll but do no damage.
The gnoll looks as sick as possible!
You kill the gnoll!
The ufetubus hits you but does no damage.
The ufetubus barely misses you. The ufetubus misses you.
The ufetubus barely misses you. The gnoll barely misses you.
The ufetubus barely misses you. x2; The gnoll barely misses you.
A gnoll comes into view. It is wielding a +0 whip.
You closely miss the ufetubus.
The gnoll shouts!
The ufetubus hits you but does no damage.
The ufetubus hits you. x2; The ufetubus closely misses you.
The ufetubus hits you. The ufetubus barely misses you.
You miss the ufetubus.
The ufetubus hits you but does no damage.
The ufetubus hits you. The gnoll hits you but does no damage.
The ufetubus completely misses you. The ufetubus closely misses you.
The gnoll hits you from afar with a +0 halberd!
* * * LOW HITPOINT WARNING * * *
You barely miss the ufetubus. You slash the gnoll!
The gnoll is poisoned.
The ufetubus hits you but does no damage.
The ufetubus barely misses you.
The gnoll hits you from afar with a +0 halberd.
* * * LOW HITPOINT WARNING * * *
The gnoll hits you with a +0 whip.
* * * LOW HITPOINT WARNING * * *
The ufetubus hits you but does no damage.
The ufetubus hits you.
* * * LOW HITPOINT WARNING * * *
It was a potion of degeneration.
There was something very wrong with that liquid.
You feel weakened.
You feel dopey.
You feel clumsy. The ufetubus hits you.
* * * LOW HITPOINT WARNING * * *
The ufetubus hits you.
* * * LOW HITPOINT WARNING * * *
The gnoll hits you from afar with a +0 halberd!
You die...

..>....
.......
#......
.......
#......
#......###
.......<.#
.###..$#5#
5...#.gg@#
### #.####
#. g. g.
##


You could see 2 gnolls and an ufetubus.

Vanquished Creatures
  A phantom (D:4)
  A scorpion (D:4)
  A hound (D:4)
  A jelly (D:4)
  An orc wizard (D:2)
  8 adders
  2 gnolls (D:5)
  An ufetubus (D:4)
  12 orcs
  4 bats (D:3)
  6 endoplasms
  2 giant cockroaches
  5 goblins
  4 hobgoblins
  5 quokkas
  5 ball pythons
  2 frilled lizards (D:3)
  7 kobolds
  23 rats
91 creatures vanquished.

Notes
Turn   | Place    | Note
-------+----------+-------------------------------------------
     0 | D:1      | Okkudo the Hill Orc Fighter began the quest for the Orb.
     0 | D:1      | Reached XP level 1. HP: 19/19 MP: 1/1
   166 | D:1      | You fall into a shaft and drop 1 floor!
   232 | D:2      | Reached XP level 2. HP: 27/27 MP: 2/2
   382 | D:2      | Found a burning altar of Makhleb.
   554 | D:2      | Reached XP level 3. HP: 33/33 MP: 3/3
   863 | D:2      | Reached XP level 4. HP: 10/41 MP: 4/4
  1306 | D:3      | Found the +8 longbow "Zephyr" {speed, Dex+3 SInv}
  1376 | D:3      | Found a shadowy altar of Dithmenos.
  1499 | D:3      | Found Amni Ceu's Weapon Boutique.
  2012 | D:3      | Identified the +0 chain mail of Disaster {SInv}
  2145 | D:4      | Reached XP level 5. HP: 46/47 MP: 5/5
  2153 | D:4      | Reached skill level 1 in Ranged Weapons
  2325 | D:4      | Reached skill level 1 in Dodging
  2367 | D:4      | Reached XP level 6. HP: 48/53 MP: 6/6
  3018 | D:3      | Bought a +2 battleaxe of venom for 217 gold pieces
  3078 | D:5      | Entered Level 5 of the Dungeon
  3092 | D:5      | Mangled by a gnoll

Illustrated notes

Levels and vault maps discovered:
D:1:      nzn_arrival_settlement, layout_basic, serial_shops,
          nicolae_shop_behind_doors, minmay_hedge_maze,
          minmay_misc_feat_four_crosses, serial_bayou_lagoon_a, minmay_distorted
D:2:      layout_basic, basic_altar, minmay_rat_hole
D:3:      layout_loops_cross, grunt_dithmenos_smoke_and_mirrors, serial_shops,
          shop_coins, nicolae_concentric_dashed_squares_mild,
          kennysheep_another_room
D:4:      layout_gridville, minmay_misc_feat_columns, minmay_vboxes
D:5:      layout_loops_ring, minmay_temple_entry_stoned_glass, serial_shops,
          nicolae_shop_competitors_out_of_business, minmay_mini_ossuary

Skill      XL: |  1  2  3  4  5  6 |
---------------+-------------------+-----
Fighting       | 4 |  4.7
Axes           | 3 4 |  4.7
Armour         | 4 |  4.5
Ranged Weapons | 1 3 |  3.1
Dodging        | 1 |  1.0
Shields        | 4 |  4.1
Stealth        | |  0.1

Action                     |  1- 3 |  4- 6 || total
---------------------------+-------+-------++-------
  Melee: War axe           |    88 |    31 ||   119
         Battleaxe         |       |     6 ||     6
   Fire: Longbow           |       |    77 ||    77
    Use: Scroll            |       |     1 ||     1
         Potion            |       |     2 ||     2
 Armour: Scale mail        |    42 |    58 ||   100
  Dodge: Dodged            |    37 |    61 ||    98
  Block: Buckler           |    14 |    11 ||    25
